Map: Ruins of Seras

Players

Sparrow - Winner!

  • Race: Terran Terran
  • League: Grandmaster

Sacrilege

  • Race: Zerg Zerg
  • League: Master

VOD

Have the link to the VOD?

Description

Time

  • Played on: March 9, 2016, 1:03 a.m.
  • Length: 11:12
Show
View Real Time Build Order
Export as new Build Order

Sparrow Terran - Winner!

Build Orders: Reaper Expand, MMM Bio 

Get SALT Encoding   

  12  0:01  SCV  
  13  0:13  SCV  
  14  0:18  Supply Depot  
  14  0:25  SCV  
  15  0:39  SCV  
  15  0:40  Barracks  
  16  0:45  Refinery  
  16  0:52  SCV  
  17  1:04  SCV  
  18  1:16  SCV  
  19  1:28  Orbital Command  
  19  1:29  Barracks Reactor  
  19  1:33  Reaper  
  20  1:49  Command Center  
  20  1:54  SCV  
  21  1:59  Supply Depot  
  21  2:05  Barracks Reactor  
  21  2:09  SCV  
  22  2:21  SCV  
  23  2:28  Factory  
  23  2:33  SCV  
  24  2:45  SCV  
  26  2:58  SCV  
  26  3:03  Orbital Command  
  26  3:09  Command Center  
  26  3:15  Marine  
  26  3:16  Starport, SCV  
  28  3:20  Hellion  
  28  3:21  Hellion  
  28  3:22  Orbital Command  
  32  3:28  SCV  
  32  3:32  Marine  
  34  3:37  Refinery  
  34  3:42  Hellion x2  
  34  3:47  SCV  
  39  3:50  SCV  
  40  3:59  SCV  
  40  4:00  Barracks Tech Lab  
  41  4:05  Refinery  
  41  4:06  Hellion  
  41  4:07  Hellion  
  45  4:12  SCV  
  46  4:19  Medivac, SCV  
  46  4:20  Supply Depot  
  46  4:21  Refinery  
  49  4:24  SCV  
  49  4:26  Orbital Command  
  50  4:33  Armory  
  50  4:34  SCV  
  51  4:43  Hellion x2  
  51  4:45  SCV  
  56  4:52  Stimpack  
  56  4:59  Starport Reactor, SCV x2  
  58  5:05  SCV  
  59  5:15  SCV x2  
  59  5:16  Barracks x2  
  59  5:17  Hellion  
  59  5:42  Marine  
  57  5:57  SCV  
  57  5:58  SCV  
  57  5:59  Marine  
  57  6:01  SCV  
  59  6:05  Barracks x2  
  59  6:06  Barracks x2  
  59  6:09  SCV  
  59  6:10  SCV  
  58  6:20  SCV  
  58  6:22  SCV  
  59  6:26  Orbital Command, Barracks Reactor x2  
  59  6:27  Medivac x2  
  59  6:28  Hellion  
  59  6:29  Hellion, SCV  
  69  6:33  Engineering Bay x2  
  69  6:36  SCV  
  69  6:41  SCV  
  69  6:42  Marine, Supply Depot  
  69  6:43  Supply Depot  
  71  6:51  SCV  
  71  6:53  SCV  
  73  6:55  Supply Depot  
  73  6:56  Barracks Reactor x4, Supply Depot  
  73  6:58  Barracks Tech Lab  
  73  7:00  Marine, Terran Infantry Armor Level 1  
  74  7:01  Terran Infantry Weapons Level 1  
  74  7:02  SCV  
  75  7:10  Combat Shields  
  75  7:12  Medivac x2, Widow Mine x2  
  75  7:13  SCV x2  
  85  7:16  SCV  
  85  7:18  Marine  
  87  7:25  SCV x2  
  87  7:27  Marine x2  
  87  7:28  SCV, Marine x3  
  95  7:35  Missile Turret  
  95  7:36  Marauder, Marine x2, Missile Turret  
  99  7:37  SCV, Missile Turret  
  99  7:38  Marine x3  
  99  7:39  Marine  
  99  7:40  Missile Turret  
  99  7:43  Widow Mine x2  
  104  7:45  Marine x3  
  104  7:46  Marine  
  106  7:56  SCV x2  
  106  7:57  Marine  
  91  7:59  Marine x4  
  91  8:00  Marine  
  91  8:02  SCV  
  89  8:08  SCV  
  89  8:11  Marine x6  
  92  8:14  Marine  
  92  8:17  Marine  
  89  8:20  Marine x3  
  89  8:21  Marine  
  92  8:27  Missile Turret  
  92  8:29  SCV x2  
  92  8:30  SCV  
  95  8:35  Marine x5  
  95  8:38  Concussive Shells  
  100  8:41  SCV  
  100  8:52  Marine x5  
  100  8:53  Marauder x2  
  109  8:59  Supply Depot  
  109  9:00  Supply Depot  
  109  9:01  Widow Mine x2  
  113  9:05  Marine  
  113  9:06  Marine x3  
  117  9:17  Supply Depot  
  117  9:19  Supply Depot  
  117  9:20  Marine x3  
  117  9:21  SCV x3  
  123  9:27  Marine x8  
  129  9:38  Command Center, Marine x2  
  134  9:45  Marauder x2  
  134  9:51  Medivac x2  
  125  10:07  Marauder  
  125  10:08  Marine  
  125  10:09  Marine x9  
  135  10:23  Widow Mine x2  
  135  10:24  Medivac x2  
  135  10:26  Marine x2  
  135  10:27  Marine, Marauder  
  135  10:28  Supply Depot, Marauder  
  146  10:30  Starport  
  146  10:36  Marine x3  
  146  10:39  Marine  
  146  10:40  Marine x2  
  143  10:44  Marine x3  
  143  10:48  Marine  
  143  10:49  Marauder  
  141  10:54  Marine x3  
Show
View Real Time Build Order
Export as new Build Order

Sacrilege Zerg 

Build Orders: Hatch First, Muta Ling Bane 

Get SALT Encoding   

  12  0:02  Drone  
  13  0:12  Overlord  
  13  0:17  Drone  
  14  0:31  Drone x2  
  14  0:35  Drone  
  17  0:56  Hatchery  
  16  1:05  Drone  
  16  1:06  Drone  
  18  1:12  Extractor  
  18  1:13  Drone  
  18  1:14  Extractor  
  17  1:24  Spawning Pool  
  16  1:28  Drone  
  17  1:33  Drone  
  18  1:46  Overlord  
  18  2:12  Queen x2  
  18  2:13  Zergling x4  
  18  2:14  Drone  
  25  2:19  Metabolic Boost  
  25  2:24  Drone  
  26  2:36  Drone  
  27  2:38  Drone  
  28  2:50  Queen  
  29  2:51  Queen  
  29  2:56  Drone  
  29  2:57  Drone x2  
  34  3:11  Zergling x2  
  35  3:13  Overlord  
  35  3:21  Hatchery  
  34  3:36  Baneling Nest  
  34  3:37  Drone  
  34  3:38  Drone x4  
  38  3:41  Drone  
  38  3:43  Drone  
  38  3:45  Drone  
  41  3:57  Lair  
  41  4:09  Zergling x4  
  43  4:15  Overlord  
  43  4:18  Extractor  
  43  4:19  Extractor  
  41  4:28  Drone x2  
  41  4:30  Overlord  
  43  4:33  Drone x9  
  43  4:37  Drone x3  
  55  4:42  Drone  
  56  4:49  Drone  
  56  4:50  Drone x2  
  59  4:55  Spire  
  58  5:09  Zergling x2  
  58  5:10  Zergling x14  
  58  5:14  Baneling x7  
  65  5:19  Extractor  
  64  5:24  Evolution Chamber  
  54  5:53  Drone  
  54  5:54  Drone x8  
  54  5:55  Zergling x12  
  66  5:57  Queen  
  66  6:01  Zergling x2  
  66  6:05  Queen  
  66  6:15  Queen  
  65  6:22  Drone  
  65  6:23  Drone  
  65  6:24  Overlord x2  
  66  6:26  Overlord  
  66  6:32  Overlord  
  66  6:33  Overlord  
  66  6:39  Centrifical Hooks  
  66  6:41  Overlord x2  
  66  6:43  Mutalisk x3  
  72  6:47  Mutalisk  
  72  6:50  Extractor  
  72  6:51  Mutalisk x2  
  72  6:52  Extractor  
  76  6:56  Drone  
  76  6:59  Evolution Chamber  
  76  7:00  Zerg Ground Armor Level 1  
  76  7:06  Drone  
  76  7:07  Drone x3  
  80  7:10  Drone x3  
  83  7:15  Overseer  
  83  7:18  Zergling x10  
  88  7:24  Drone x3  
  88  7:25  Drone  
  88  7:27  Drone  
  93  7:39  Baneling x9  
  93  7:49  Hatchery  
  87  7:56  Mutalisk  
  87  7:57  Mutalisk x4  
  89  8:00  Drone  
  89  8:02  Drone  
  87  8:14  Mutalisk x2  
  87  8:16  Drone  
  87  8:17  Drone x4  
  94  8:26  Drone  
  95  8:27  Drone x2  
  97  8:39  Overlord  
  97  8:40  Overlord  
  97  8:41  Zergling x2  
  98  8:44  Pneumatized Carapace  
  98  8:47  Zerg Melee Weapons Level 1  
  98  8:49  Zerg Flyer Armor Level 1  
  98  8:50  Zergling x4  
  98  8:51  Zergling x2  
  98  8:53  Queen  
  105  9:08  Baneling x2  
  104  9:14  Zergling x12  
  104  9:16  Baneling  
  104  9:17  Baneling x4  
  94  9:34  Zergling x2  
  94  9:35  Zergling x8  
  91  10:04  Zergling x2  
  91  10:05  Zergling x12  
  96  10:08  Baneling  
  96  10:09  Baneling x9  
  96  10:24  Mutalisk x3  
  102  10:38  Hatchery  
  89  10:48  Hatchery  
  89  10:49  Zergling x14  
  94  10:59  Hatchery  
Tags
 
Add a new tag
Caveats
  • Supply blocks, unpowered buildings, or Contaminate may cause inaccurate times.
  • Supply counts are checked every 10 seconds.